 Dungeon Crawl Stone Soup version 0.30-a0-219-gf2db51d15e (webtiles) character file.

Game seed: 6497842955996919609

27410 freelancePsychic the Warrior (level 13, -15/138 HPs)
             Began as an Ogre Wanderer on Oct 8, 2022.
             Was an Elder of Hepliaklqana.
             Demolished by a death yak (23 damage)
             ... in an ice cave.
             The game lasted 00:30:21 (16034 turns).

freelancePsychic the Warrior (Ogre Wanderer)       Turns: 16034, Time: 00:30:21

Health: -15/138    AC: 11    Str: 23    XL:     13   Next: 32%
Magic:  17/17      EV:  9    Int: 13    God:    Hepliaklqana [****..]
Gold:   856        SH: 16    Dex: 14    Spells: 12/12 levels left

rFire   . . .      SeeInvis .    a - +7 captain's cutlass {speed, disarm}
rCold   . . .      Faith    .    A - +2 kite shield {AC+3}
rNeg    . . .      Spirit   .    i - +0 acid dragon scales
rPois   .          Reflect  +    (helmet restricted)
rElec   .          Harm     .    D - +0 cloak {Stlth+}
rCorr   +          Rampage  .    (gloves unavailable)
Will    +....                    (boots unavailable)
Stlth   +++.......               y - amulet of reflection
HPRegen 0.43/turn                p - +6 ring of dexterity
MPRegen 0.15/turn                (no ring)

@: mighty
A: reduced essence, large, unfitting armour, tough skin 1
a: Renounce Religion, Recall Ancestor, Ancestor Identity, Transference, Idealise


You were in an ice cave.
You worshipped Hepliaklqana.
Hepliaklqana was greatly pleased with you.
You visited 1 branch of the dungeon, and saw 13 of its levels.
You also visited: Sewer, Bailey and Ice Cave.

You collected 856 gold pieces.

Inventory:

Hand Weapons
 a - the +7 captain's cutlass (weapon) {speed, disarm}
   (You found it in a bailey)

   Attacks with this weapon are significantly faster.
   It may disarm weapon-wielding foes when striking them, dealing extra damage
   in the process.
 b - a +6 vorpal quick blade
 g - a +0 flail
 h - a +2 dagger of venom
 w - a +5 flail of protection
Missiles
 H - 18 javelins (quivered)
 J - a throwing net
 K - 3 boomerangs
Armour
 c - a +0 robe
 i - +0 acid dragon scales (worn)
 k - an orb of wrath
 A - a +2 kite shield of protection (worn)
 D - a +0 cloak of stealth (worn)
Jewellery
 j - a ring of fire
 p - a +6 ring of dexterity (left hand)
 q - an amulet of the acrobat
 y - an amulet of reflection (around neck)
 B - a ring of wizardry
 L - a ring of fire
 M - a ring of poison resistance
 P - an amulet of magic regeneration
Wands
 v - a wand of flame (8)
 C - a wand of charming (15)
 E - a wand of mindburst (21)
 F - a wand of roots (14)
 Q - a wand of digging (6)
Scrolls
 d - 2 scrolls of silence
 f - a scroll of blinking
 m - a scroll of enchant armour
 G - a scroll of immolation
 I - 2 scrolls of amnesia
 N - a scroll of enchant weapon
 R - a scroll of teleportation {@r4}
 T - a scroll of torment
Potions
 e - 5 potions of might
 n - 2 potions of brilliance
 o - 6 potions of mutation
 r - a potion of degeneration
 s - 4 potions of flight
 t - 3 potions of curing {@q1}
 u - 4 potions of haste {@q3}
 x - 2 potions of attraction
 z - 3 potions of lignification
 S - a potion of resistance


   Skills:
 + Level 16.5 Fighting
 * Level 11.7 Short Blades
 - Level 8.6 Maces & Flails
 - Level 3.6 Dodging
 - Level 3.6 Stealth
 - Level 5.9 Shields
 - Level 6.1 Invocations
 - Level 1.5 Evocations


You had 12 spell levels left.
You didn't know any spells.
Your spell library contained the following spells:

 Spells                   Type           Power      Damage    Failure   Level
 Kiss of Death            Conj/Necr      0%         2d5       65%         1
 Summon Small Mammal      Summ           0%         N/A       65%         1
 Blink                    Tloc           0%         N/A       78%         2
 Ensorcelled Hibernation  Hex/Ice        0%         N/A       78%         2
 Passwall                 Tmut/Erth      0%         N/A       78%         2
 Static Discharge         Conj/Air       0%         2-2/arc   78%         2
 Call Canine Familiar     Summ           0%         N/A       95%         3
 Confusing Touch          Hex            0%         N/A       95%         3
 Summon Guardian Golem    Hex/Summ       0%         N/A       95%         3
 Swiftness                Air            0%         N/A       95%         3
 Vhi's Electric Charge    Tloc/Air       0%         N/A       95%         3
 Dispel Undead            Necr           0%         3d6       100%        4
 Manifold Assault         Tloc           0%         N/A       100%        4
 Arcjolt                  Conj/Air       0%         1d10      100%        5
 Lightning Bolt           Conj/Air       0%         1d11      100%        5
 Summon Forest            Summ/Tloc      0%         N/A       100%        5
 Summon Mana Viper        Hex/Summ       0%         N/A       100%        5
 Summon Cactus Giant      Summ           0%         N/A       100%        6
 Storm Form               Tmut/Air       0%         N/A       100%        7


Dungeon Overview and Level Annotations

Branches:
Dungeon (13/15)            Temple (0/1) D:4            Lair (0/5) D:11
    Orc (0/2) D:9           Sewer (visited)          Bailey (visited)
  IceCv (1/1)
 Vaults: D:13-14

Altars:
Ashenzari
Elyvilon
Fedhas
Gozag
Hepliaklqana
Kikubaaqudgha
Makhleb
Nemelex Xobeh
Okawaru
Qazlal
Trog
Uskayaw
Vehumet
Zin

Shops:
D:11 (   D:12 :


Innate Abilities, Weirdness & Mutations

Your life essence is reduced to manifest your ancestor. (-10% HP)
You are too large for most types of armour.
You have tough skin. (AC +1)


Message History

The polar bear is almost dead.
The polar bear closely misses you. You block the polar bear's attack. x2
Blink to where?
Press: ? - help, Dir - move target
As you read the scroll of blinking, it crumbles to dust.
You hear an angry growl.
The polar bear rages.
The polar bear rages.
There is an ice choked empty arch of ancient stone here.
The polar bear rages.
You hear an angry growl.
There is an ice covered gate leading back out of this place here.
Throw: 20 javelins
Press: ? - help, Q - select action, (/) - cycle Shift-Dir - straight line, f - polar bear
Aim: a polar bear (almost dead, berserk, 73% to hit)
You throw a javelin.
The javelin pierces through the polar bear!
You kill the polar bear!
Throw: 19 javelins
Press: ? - help, Q - select action, (/) - cycle Shift-Dir - straight line, f - death yak
Aim: a death yak (82% to hit)
You throw a javelin.
The javelin barely misses the death yak.
The death yak gores you!
* * * LOW HITPOINT WARNING * * *
The rime drake hisses angrily.
You puncture the death yak!
The death yak is lightly wounded.
You puncture the death yak!
The death yak is moderately wounded.
You block the death yak's attack.
You hit the death yak.
The death yak is moderately wounded.
You barely miss the death yak.
The death yak is moderately wounded.
You block the death yak's attack.
You puncture the death yak!
The death yak is heavily wounded.
The death yak gores you!!
You die...

#### . ##..######
.. ##....##.(##
##...
#.....†h...###.....
#.@Y∩k...(..#......
#.......##....##...
##....#####.k## .
##..## #### ####


You could see a death yak, a polar bear (slow) and a rime drake.

Vanquished Creatures
  Erica (D:8)
  A centaur warrior (D:13)
  A boulder beetle (D:10)
  2 two-headed ogres
  A deep elf pyromancer (D:12)
  2 ugly things
  3 manticores
  2 cyclopes
  Maggie (D:6)
  2 gargoyles
  A rime drake (IceCv)
  5 kobold demonologists (D:12)
  3 trolls
  A hornet (D:9)
  2 polar bears (IceCv)
  4 slime creatures
  A centaur simulacrum (D:13)
  2 shadows
  A wyvern (D:8)
  A vampire (D:12)
  Sigmund (D:6)
  16 yaks
  4 vampire mosquitoes
  Edmund (D:4)
  3 acid dragons
  A water moccasin (D:6)
  Pargi (Sewer)
  10 orc warriors
  2 sky beasts (D:8)
  An ice beast (D:5)
  5 wolves
  10 centaurs
  A lemure (D:8)
  A phantom (D:9)
  8 kobold brigands (D:12)
  A bullfrog (D:8)
  2 necrophages
  2 gnoll sergeants
  2 scorpions
  8 wights
  A troll zombie (D:9)
  4 howler monkeys
  3 hounds
  6 orc priests
  Crazy Yiuf (D:7)
  3 jellies
  2 gnoll boudas
  Jessica (D:2)
  Natasha (thrice) (D:2)
  3 iguanas
  Terence (D:2)
  8 orc wizards
  6 ogre zombies (D:9)
  Robin (D:3)
  15 gnolls
  9 adders
  A shadow imp (D:7)
  2 white imps
  2 ufetubi (D:6)
  3 worms
  6 dart slugs
  39 orcs
  9 ball pythons
  5 endoplasms
  2 giant cockroaches (D:5)
  17 goblins
  9 hobgoblins
  3 jackals (D:4)
  12 kobolds
  5 quokkas
  6 bats
  8 frilled lizards
  A goblin skeleton (D:9)
  2 goblin zombies (D:9)
  A hobgoblin skeleton (D:9)
  2 hobgoblin zombies (D:9)
  2 orc skeletons (D:9)
  11 orc zombies (D:9)
  8 rats
340 creatures vanquished.

Vanquished Creatures (collateral kills)
  A hydra (D:13)
  A centaur warrior (D:13)
  A boulder beetle (D:11)
  Pikel (D:8)
  An ugly thing (D:13)
  2 kobold demonologists
  A polar bear (D:13)
  A wraith (D:13)
  2 wyverns
  2 yaks
  A basilisk (D:12)
  3 vampire mosquitoes
  A water moccasin (D:6)
  3 ice beasts
  A black bear (D:6)
  7 orc warriors
  3 wolves
  6 centaurs
  A lemure (D:8)
  4 killer bees (D:8)
  3 electric eels
  3 howler monkeys (D:13)
  4 hounds (D:11)
  3 orc priests
  3 orc wizards
  An ogre zombie (D:9)
  3 gnolls
  2 adders (Sewer)
  A white imp (D:13)
  2 ufetubi (D:13)
  13 orcs
  A kobold (D:12)
  A quokka (D:5)
  4 frilled lizards (Sewer)
  2 hobgoblin zombies (D:9)
  4 orc zombies (D:9)
93 creatures vanquished.

Vanquished Creatures (others)
  6 hexers
  An ancestor (D:6)
  An adder (D:6)
  A shadow imp (D:6)
  5 fungi (D:4)
  5 plants (D:3)
19 creatures vanquished.

Grand Total: 452 creatures vanquished

Notes
Turn   | Place    | Note
-------+----------+-------------------------------------------
     0 | D:1      | freelancePsychic the Ogre Wanderer began the quest for the
                  | Orb.
     0 | D:1      | freelancePsychic set off with the following items: a +2
                  | short sword, a potion of attraction, a +0 robe, a scroll of
                  | silence.
     0 | D:1      | Reached XP level 1. HP: 19/19 MP: 1/1
     6 | D:1      | Noticed a lindwurm
     6 | D:1      | Noticed a rime drake
     6 | D:1      | Noticed a redback
     7 | D:1      | Noticed a wolf
     7 | D:1      | Noticed an anaconda
    59 | D:1      | Reached skill level 2 in Fighting
    96 | D:1      | Reached XP level 2. HP: 29/29 MP: 2/2
   214 | D:1      | Reached skill level 3 in Fighting
   289 | D:1      | Reached skill level 1 in Maces & Flails
   289 | D:1      | Reached XP level 3. HP: 18/37 MP: 3/3
   992 | D:2      | Noticed Natasha
  1004 | D:2      | Killed Natasha
  1005 | D:2      | Reached skill level 4 in Fighting
  1005 | D:2      | Reached XP level 4. HP: 20/48 MP: 4/4
  1132 | D:2      | Noticed Jessica
  1138 | D:2      | Killed Jessica
  1351 | D:2      | Found a glowing silver altar of Zin.
  1510 | D:2      | Reached XP level 5. HP: 55/55 MP: 5/5
  1570 | D:2      | Noticed Natasha
  1574 | D:2      | Killed Natasha
  1575 | D:2      | Reached skill level 5 in Fighting
  1901 | D:2      | Noticed Natasha
  1911 | D:2      | Killed Natasha
  2186 | D:3      | Noticed Terence
  2206 | D:2      | Killed Terence
  2394 | D:3      | Found a hazy altar of Hepliaklqana.
  2397 | D:3      | Found a burning altar of Makhleb.
  2505 | D:3      | Became a worshipper of Hepliaklqana the Forgotten
  2596 | D:3      | Reached XP level 6. HP: 67/67 MP: 6/6
  2645 | D:3      | Noticed Robin
  2690 | D:3      | Killed Robin
  3047 | D:3      | Reached skill level 6 in Fighting
  3891 | D:4      | Found a staircase to the Ecumenical Temple.
  4062 | D:4      | Noticed Edmund
  4099 | D:4      | Killed Edmund
  4100 | D:4      | Reached skill level 7 in Fighting
  4100 | D:4      | Reached XP level 7. HP: 78/78 MP: 7/7
  4288 | D:4      | Reached * piety under Hepliaklqana
  4530 | D:5      | Entered Level 5 of the Dungeon
  4662 | D:5      | Found a glowing drain.
  4688 | Sewer    | Entered a sewer
  4749 | Sewer    | Reached skill level 5 in Maces & Flails
  4803 | Sewer    | Noticed Pargi
  4808 | Sewer    | Killed Pargi
  4809 | Sewer    | Reached skill level 8 in Fighting
  4809 | Sewer    | Reached XP level 8. HP: 76/79 MP: 10/10
  5024 | D:5      | Found a stormy altar of Qazlal.
  5772 | D:5      | Reached skill level 9 in Fighting
  5852 | D:6      | Noticed Maggie
  5888 | D:6      | Killed Maggie
  5889 | D:6      | Reached skill level 5 in Invocations
  5889 | D:6      | Reached XP level 9. HP: 6/90 MP: 11/13
  6558 | D:6      | Found an iron altar of Okawaru.
  6564 | D:6      | Identified the +1 ring mail of Wueruh {Rampage rN+}
  6869 | D:6      | Reached ** piety under Hepliaklqana
  6870 | D:6      | Remembered your ancestor Tex Hex as a hexer
  6880 | D:6      | Noticed Sigmund
  6885 | D:6      | Killed Sigmund
  6886 | D:6      | Reached skill level 10 in Fighting
  6995 | D:7      | Identified a scroll of acquirement
  7002 | D:7      | Acquired a +2 kite shield of protection
  7470 | D:7      | Reached skill level 1 in Shields
  8432 | D:7      | Found an opulent altar of Gozag.
  8439 | D:7      | Found a blossoming altar of Fedhas.
  8441 | D:7      | Found a white marble altar of Elyvilon.
  8441 | D:7      | Found a radiant altar of Vehumet.
  8441 | D:7      | Found a hide-covered altar of Uskayaw.
  8441 | D:7      | Found a bloodstained altar of Trog.
  8537 | D:7      | Found a runed translucent door.
  8538 | D:7      | Noticed Crazy Yiuf
  8874 | D:7      | Killed Crazy Yiuf
  8953 | D:8      | Reached *** piety under Hepliaklqana
  8968 | D:8      | Reached skill level 11 in Fighting
  9039 | D:8      | Noticed Erica
  9050 | D:8      | Killed Erica
  9051 | D:8      | Reached XP level 10. HP: 102/102 MP: 14/14
  9062 | D:8      | Found a flagged portal.
  9088 | D:8      | Noticed Pikel
  9103 | D:8      | Killed Pikel
  9104 | D:8      | Reached skill level 12 in Fighting
  9119 | Bailey   | Entered a bailey
  9272 | Bailey   | Reached skill level 5 in Shields
  9572 | Bailey   | Found the +7 captain's cutlass {speed, disarm}
 10034 | Bailey   | Reached XP level 11. HP: 98/113 MP: 15/15
 10370 | D:8      | Found an ancient bone altar of Kikubaaqudgha.
 10957 | D:7      | Reached skill level 13 in Fighting
 10957 | D:7      | Reached skill level 1 in Stealth
 11315 | D:9      | Reached skill level 5 in Short Blades
 11717 | D:9      | Found a staircase to the Orcish Mines.
 12220 | D:10     | Entered Level 10 of the Dungeon
 12275 | D:10     | Noticed a two-headed ogre
 12288 | D:10     | Killed a two-headed ogre
 12595 | D:10     | Found a sparkling altar of Nemelex Xobeh.
 12638 | D:10     | Found a broken altar of Ashenzari.
 13041 | D:11     | Noticed a boulder beetle
 13042 | D:11     | Found a staircase to the Lair.
 13213 | D:11     | Noticed a cyclops
 13232 | D:10     | Killed a boulder beetle
 13233 | D:10     | Reached skill level 14 in Fighting
 13473 | D:11     | Killed a cyclops
 13477 | D:11     | Reached XP level 12. HP: 122/125 MP: 16/16
 13733 | D:11     | Reached **** piety under Hepliaklqana
 13789 | D:11     | Noticed a boulder beetle
 13804 | D:11     | Killed a boulder beetle
 13928 | D:11     | Noticed a two-headed ogre
 13937 | D:11     | Killed a two-headed ogre
 14344 | D:11     | Found Ogixedd's Weapon Emporium.
 14406 | D:12     | Reached skill level 15 in Fighting
 14720 | D:12     | Found Xux Rite's Tremendous Tomes.
 15008 | D:12     | Reached skill level 10 in Short Blades
 15570 | D:13     | Reached XP level 13. HP: 95/136 MP: 17/17
 15597 | D:13     | Reached skill level 16 in Fighting
 15779 | D:13     | Found a frozen archway.
 15827 | IceCv    | Entered an ice cave
 16034 | IceCv    | Demolished by a death yak

Illustrated notes

Levels and vault maps discovered:
D:1:      onia_arrival_zoo_common, layout_loops_ring, amethyst_killhole,
          chequers_serial_rivers_micro_e, minmay_pentomino_v4
D:2:      layout_loops_corners, basic_altar, uniq_natasha, uniq_jessica
D:3:      layout_basic, mainiacjoe_overflow_catwalk_spiral, serial_bayou_pond_b,
          chequers_big_river, uniq_robin, uniq_terence
D:4:      layout_loops_ring, minmay_temple_entry_hall, serial_aquarium,
          aquarium_bridge_square [aquarium_subvault_window,
          aquarium_subvault_wall, aquarium_subvault_bridge,
          aquarium_subvault_bridge], aquarium_window_3, aquarium_window_fake,
          aquarium_window_1, aquarium_window_fake, aquarium_view_2d,
          aquarium_view_2c, aquarium_balcony_3a, aquarium_pool_2, uniq_edmund
D:5:      layout_basic, old_standard_altar, portal_sewer_entry_f,
          kennysheep_generic_room_9
D:6:      black_bear_nest_2, layout_loops_ring, mainiacjoe_overflow_24_doors,
          uniq_maggie, uniq_sigmund
D:7:      layout_loops_corners, grunt_temple_overflow_open, minivault_4,
          grunt_decor_fettered, lemuel_flame_loot_1, uniq_crazy_yiuf_cottage
D:8:      layout_basic, nicolae_kikubaaqudgha_miasma_corner, enter_bailey_6,
          uniq_pikel, uniq_erica
D:9:      layout_basic, zombieorc2_lemuel
D:10:     layout_rooms, nemelex_diamond_rough_becter,
          nicolae_ashenzari_panopticon
D:11:     layout_roguey, erik_lair_island, serial_shops, kennysheep_mini_moat,
          gauntlet_entry_generic
D:12:     layout_roguey, nicolae_shop_i_like_big_books
D:13:     layout_rooms, serial_ice, serial_ice_c, serial_ice_a, serial_ice_i,
          serial_ice_h, serial_ice_b, serial_ice_e,
          portal_ice_cave_entry_pillars_2
IceCv:    ice_cave_small_giant

Skill      XL: |  1  2  3  4  5  6  7  8  9 10 11 12 13 |
---------------+----------------------------------------+-----
Fighting       | 2 3 4 5 7 8 9 11 12 14 15 16 | 16.5
Maces & Flails | 1 2 3 4 5 6 7 8 |  8.6
Invocations    | 3 5 6 |  6.1
Shields        | 4 5 |  5.9
Short Blades   | 3 7 10 11 | 11.7
Stealth        | 3 |  3.6
Dodging        | |  3.6
Evocations     | |  1.5

Action                   |  1- 3 |  4- 6 |  7- 9 | 10-12 | 13-15 || total
-------------------------+-------+-------+-------+-------+-------++-------
Melee: Short sword       |    18 |       |       |       |       ||    18
       Flail             |   100 |   220 |   246 |    97 |       ||   663
       Cutlass           |       |       |       |   451 |   115 ||   566
       Quick blade       |       |       |       |   170 |       ||   170
Throw: Javelin           |       |       |       |     2 |     2 ||     4
Invok: Recall Ancestor   |       |       |     1 |       |       ||     1
       Ancestor Life: He |       |       |     1 |       |       ||     1
       Ancestor Identity |       |       |     1 |       |       ||     1
       Idealise          |       |       |       |       |     1 ||     1
Evoke: Wand              |       |       |     1 |     4 |       ||     5
  Use: Scroll            |     4 |     1 |    11 |    14 |     2 ||    32
       Potion            |       |     4 |     2 |       |     5 ||    11
 Stab: Sleeping          |     1 |     2 |       |     7 |       ||    10
       Confused          |       |       |     2 |    11 |     2 ||    15
       Distracted        |       |       |     1 |     7 |     2 ||    10
Armor: Robe              |    41 |    91 |    49 |       |       ||   181
       Acid dragon scale |       |       |    62 |   156 |    48 ||   266
Dodge: Dodged            |    78 |   145 |   125 |   141 |    27 ||   516
Block: Kite shield       |       |       |    82 |   467 |   113 ||   662
       Reflection        |       |       |       |     9 |     6 ||    15

Table legend: (Time is in decaauts)
 A = Elapsed time spent in this place.
 B = Non-inter-level travel time spent in this place.
 C = Inter-level travel time spent in this place.
 D = Time resting spent in this place.
 E = Time spent auto-exploring this place.
 F = Levels seen in this place.
 G = Mean time per level.
                   A        B        C        D        E       F      G
               +--------+--------+--------+--------+--------+-----+--------+
         Total |  16392 |  16067 |    325 |   2162 |  10741 |  16 | 1024.5 |
       Dungeon |  14687 |  14362 |    325 |   2112 |   9606 |  13 | 1129.8 |
         Sewer |    283 |    283 |      0 |     49 |    152 |   1 |  283.0 |
        Bailey |   1234 |   1234 |      0 |      0 |    845 |   1 | 1234.0 |
      Ice Cave |    187 |    187 |      0 |      0 |    137 |   1 |  187.0 |
               +--------+--------+--------+--------+--------+-----+--------+

Top non-repeatable levels by time:
     D:7: 2254 daAuts
     D:2: 1661 daAuts
     D:3: 1453 daAuts
  Bailey: 1234 daAuts
     D:5: 1207 daAuts
     D:6: 1195 daAuts
    D:10: 1188 daAuts
    D:12: 1097 daAuts
     D:9: 939 daAuts
     D:4: 928 daAuts
    D:11: 914 daAuts
     D:1: 827 daAuts
     D:8: 766 daAuts
   Sewer: 283 daAuts
    D:13: 253 daAuts
